 Dungeon Crawl Stone Soup version 0.17-a0-2147-gfb20a63 (webtiles) character file.

1795484 truemonolith the Conqueror (level 27, 273/273 HPs)
             Began as a Minotaur Chaos Knight on Oct 23, 2015.
             Escaped with the Orb
             ... and 3 runes on Oct 24, 2015!
             The game lasted 05:05:30 (73101 turns).

truemonolith the Conqueror (Minotaur Chaos Knight) Turns: 73101, Time: 05:05:30

Health: 273/273    AC: 51    Str: 31    XL:     27
Magic:  39/39      EV: 33    Int:  9    God:    Xom [..*...]
Gold:   5181       SH: 30    Dex: 24    Spells: 0 memorised, 26 levels left

rFire  + + +     SeeInvis .     f - +9 demon whip (venom)
rCold  . . .     Clarity  .     d - +15 plate armour "Iqoiwneu" {rF+ Regen+ Dex+3 Stlth+}
rNeg   + + .     SustAt   .     G - +2 large shield
rPois  .         Gourm    .     (helmet unavailable)
rElec  +         Spirit   .     q - +3 cloak of Doqipt {*Drain rElec Int+2 Dex+4}
rCorr  .         Warding  .     o - +2 pair of gloves
rMut   .         Stasis   .     n - +2 pair of boots
MR     ++...                    U - amulet of Ashenzari's Generosity {rN++ Regen+ Dex+4}
Stlth  ..........               j - ring of Beauty {MR+ MP+9 Dex+4}
                                Y - ring of Cigateef {*Confuse rF+++ MR- Str+2 Slay+1} (curse)

@: studying 2 skills, very resistant to hostile enchantments, extremely
unstealthy
A: retaliatory headbutt, beak, horns 3, talons 1, repulsion field 1, icy blue
scales 1, blurry vision 1, clumsy 2, dopey 1, mutation resistance 2, electricity
resistance, strong 1, wild magic 3, MP-powered wands
a: Renounce Religion
0: Orb of Zot
}: 3/15 runes: serpentine, barnacled, silver


You escaped.
You worshipped Xom.
You were a toy of Xom.
You were full.

You visited 10 branches of the dungeon, and saw 54 of its levels.
You visited the Abyss 1 time.
You also visited: Labyrinth, Sewer and Volcano.

You collected 7844 gold pieces.
You spent 2663 gold pieces at shops.

Inventory:

Hand Weapons
 f - a +9 demon whip of venom (weapon)
 i - a +2 demon whip of electrocution
Armour
 d - the +15 plate armour "Iqoiwneu" (worn) {rF+ Regen+ Dex+3 Stlth+}
   (You found it on level 7 of the Dungeon)

   It affects your dexterity (+3).
   It protects you from fire.
   It increases your rate of regeneration.
   It makes you more stealthy.
 n - a +2 pair of boots (worn)
 o - a +2 pair of gloves (worn)
 q - the +3 cloak of Doqipt (worn) {*Drain rElec Int+2 Dex+4}
   (You bought it in a shop on level 2 of the Elven Halls)

   It affects your intelligence (+2).
   It affects your dexterity (+4).
   It insulates you from electricity.
   It causes draining when unequipped.
 G - a +2 large shield (worn)
Jewellery
 a - an uncursed amulet of the gourmand {unknown}
 j - the ring of Beauty (right hand) {MR+ MP+9 Dex+4}
   (You found it on level 4 of the Lair of Beasts)

   [ring of dexterity]

   It affects your dexterity (+4).
   It affects your resistance to hostile enchantments.
   It affects your magic capacity (+9).
 y - an uncursed amulet of resist corrosion
 P - the ring "Zusaas" {+/*Tele rPois rC+++ Int-4}
   (You took it off a minotaur in a labyrinth)

   [ring of teleportation]

   It may teleport you to nearby monsters, and can be evoked to randomly
   teleport.
   It affects your intelligence (-4).
   It renders you almost immune to cold.
   It protects you from poison.
 U - the amulet of Ashenzari's Generosity (around neck) {rN++ Regen+ Dex+4}
   (You found it on level 5 of the Vaults)

   [amulet of regeneration]

   It affects your dexterity (+4).
   It greatly protects you from negative energy.
   It increases your rate of regeneration.
 Y - the cursed ring of Cigateef (left hand) {*Confuse rF+++ MR- Str+2 Slay+1}
   (You found it on level 3 of the Elven Halls)

   [ring of slaying]

   It affects your strength (+2).
   It affects your accuracy and damage with ranged weapons and melee attacks
   (+1).
   It renders you almost immune to fire.
   It affects your resistance to hostile enchantments.
   It may confuse you when you take damage.
   It has a curse placed upon it.
Wands
 L - a wand of digging (19)
Scrolls
 b - 5 scrolls of teleportation
 e - 20 scrolls of remove curse
 l - 21 scrolls of identify
 p - 9 scrolls of recharging
 r - 4 scrolls of fear
 s - 3 scrolls of magic mapping
 t - 3 scrolls of enchant armour
 u - 2 scrolls of fog
 B - 2 scrolls of noise
 F - 2 scrolls of amnesia
 H - a scroll of summoning
 K - 8 scrolls of blinking
 M - a scroll of silence
 N - a scroll of enchant weapon
Potions
 c - 2 potions of agility
 v - 2 potions of cure mutation
 z - 7 potions of curing
 D - 8 potions of flight
 E - 9 potions of brilliance
 I - a potion of invisibility
 J - 3 potions of cancellation
 V - a potion of berserk rage
Books
 w - a book of Air

   Spells                             Type                      Level
   a - Shock                          Conjuration/Air              1
   b - Swiftness                      Charms/Air                   2
   c - Repel Missiles                 Charms/Air                   2
   d - Static Discharge               Conjuration/Air              3
   e - Lightning Bolt                 Conjuration/Air              5
 W - a manual of Long Blades
 X - a manual of Stealth
Comestibles
 g - 3 meat rations
 k - 15 bread rations
 m - 16 fruits
 x - 10 royal jellies
 A - 11 beef jerkies


   Skills:
 O Level 27 Fighting
   Level 23.9 Axes
 O Level 27 Armour
 + Level 24.2 Dodging
 + Level 24.6 Shields
 - Level 11.8 Evocations


You had 26 spell levels left.
You didn't know any spells.

Dungeon Overview and Level Annotations

Branches:
Dungeon (15/15)            Temple (0/1) D:7            Lair (8/8) D:10
 Shoals (4/4) Lair:4        Snake (4/4) Lair:3        Slime (0/6) Lair:8
    Orc (4/4) D:12            Elf (3/3) Orc:3        Vaults (5/5) D:13
  Crypt (0/3) Vaults:3     Depths (5/5) D:15           Hell (1/1)
    Zot (5/5) Depths:5
    Dis: Hell:1         Geh: Hell:1         Coc: Hell:1         Tar: Hell:1

Altars:
Ashenzari
Dithmenos
Gozag
Kikubaaqudgha
Makhleb
Nemelex Xobeh
Okawaru
Qazlal
Ru
Sif Muna
Vehumet
Xom
Yredelemnul
Zin
The Shining One
Beogh
Lugonu

Shops:
D:4 (   D:7 }   D:11 %   D:12 [   Orc:1 !   Orc:2 !:   Orc:4 ?:!(}   Elf:1 *
Elf:2 [   Shoals:2 [   Shoals:3 (   Vaults:5 *   Depths:1 *

Portals:
Hell: Depths:1 Depths:2 Depths:3 Depths:4 Depths:5
Abyss: Depths:3 Depths:4
Pandemonium: Orc:4 Depths:2 Depths:3
Ziggurat: Depths:2
Trove: Elf:1 (give +6 demon blade)

Annotations:
D:4 exclusion: upstairs
Snake:3 exclusion: Roxanne, Roxanne
Depths:1 Murray
Depths:3 exclusion: orange crystal statue


Innate Abilities, Weirdness & Mutations

You reflexively headbutt those who attack you in melee.
You have a pair of large horns on your head.
You have a beak for a mouth.
You have sharp toenails.
You are surrounded by a mild repulsion field (EV +2).
You are partially covered in icy blue scales (AC +1).
Scrolls take you a little longer to read.
You are very clumsy. (Dex -4)
You are dopey. (Int -2)
You are somewhat resistant to both further mutation and mutation removal.
You are resistant to electric shocks.
Your muscles are strong. (Str +2)
Your spells are much harder to cast, but much more powerful.
You expend magic power (3 MP) to strengthen your wands.


Message History

You block the Orb Guardian's attack.
The Orb Guardian is engulfed in roaring flames. "Heh heh heh..."
The hellwing looks rather confused.
The giant newt looks rather confused.
The Orb Guardian looks rather confused. x2
The Orb Guardian is engulfed in roaring flames. x2
The Orb Guardian hits the giant newt!!
The giant newt dies!
The giant cockroach returns to its original shape as it dies.
The Orb Guardian completely misses you. You furiously retaliate!
You headbutt the Orb Guardian, but do no damage.
There is an open door here.
The Orb Guardian is engulfed in roaring flames.
The Orb Guardian is engulfed in roaring flames.
Your ring of flames gutters out.
The Orb Guardian is engulfed in roaring flames.
There is a staircase leading out of the dungeon here.
Unknown command.
The Orb Guardian is engulfed in roaring flames.
You have escaped!

#...............4#.####..........
#♣..♣♣♣#'''#♣......♣♣♣######.####
♣.♣♣###..4###♣..............# ♣♣♣
#.......##♣♣♣.........###
####..8.8.†####♣♣.......♣#
###..#.....§X#..###♣......♣
#....'.8...8§#....#♣♣♣....♣
#....#...⌠.(.#.§..# ♣....♣♣
#.⌠..#.8..X8.§..@.# ♣♣..♣♣
#....#...8..X#....# ♣♣♣♣
###################


You could see 2 Orb Guardians.

Vanquished Creatures
  9 orbs of fire
  Mara (Shoals:3)
  A juggernaut (Depths:5)
  4 ancient liches
  Boris (Vaults:3)
  Norris (Snake:3)
  Vashnia (Snake:2)
  3 Killer Klowns
  4 curse toes
  A caustic shrike (Depths:5)
  Jory (Depths:3)
  14 golden dragons
  6 liches
  4 electric golems
  Jorgrun (Vaults:4)
  Rupert (Orc:3)
  20 Orb Guardians (Zot:5)
  21 tentacled monstrosities
  A deep elf blademaster (Elf:3)
  A quicksilver dragon (Zot:1)
  9 titans
  A deep elf master archer (Elf:3)
  An Executioner (Depths:2)
  2 krakens (Shoals:4)
  6 death cobs
  4 acid blobs (Zot:3)
  Gastronok (Lair:2)
  16 storm dragons
  Frances (D:12)
  8 sphinxes
  Kirke (Lair:7)
  8 shadow dragons
  16 tengu reavers
  3 draconian monks
  17 fire giants
  Ilsuiw (Shoals:3)
  7 greater nagas
  5 iron dragons
  Donald (Elf:2)
  7 draconian knights
  12 frost giants
  3 balrugs
  Maud (Lair:7)
  3 ghost moths
  16 vault wardens
  2 draconian scorchers
  Aizul (Snake:2)
  9 deep elf sorcerers
  2 cacodemons
  3 draconian zealots
  6 draconian shifters
  An angel (D:4)
  12 draconian annihilators
  A reaper (Hell)
  2 spriggan defenders
  13 ironheart preservers
  12 very ugly things
  26 stone giants
  11 green draconians
  6 war gargoyles
  10 deep elf demonologists
  7 draconian callers
  6 vampire knights
  Nessos (Orc:3)
  A lorocyproca (Zot:1)
  3 large abominations
  14 purple draconians
  5 black draconians
  9 white draconians
  Azrael (D:14)
  6 dire elephants (Lair:8)
  17 yellow draconians
  5 salamander stormcallers
  8 deep elf annihilators
  9 mottled draconians
  12 red draconians
  12 ettins
  11 deep elf death magi
  A minotaur (Lab)
  Snorg (Lair:7)
  A crystal guardian (Vaults:5)
  An eidolon (Vaults:3)
  10 merfolk impalers
  9 merfolk javelineers
  44 vault guards
  10 fire dragons
  Josephine (Lair:5)
  5 great orbs of eyes
  The ghost of Guts the Fencer, a journeyman HuBe of Trog (D:12)
  8 deep elf high priests
  2 green deaths (Depths:2)
  17 yaktaur captains
  An entropy weaver (shapeshifter) (Snake:2)
  3 catoblepae
  15 naga warriors
  12 hydras
  3 rakshasas
  8 entropy weavers
  A monstrous demonspawn (Depths:2)
  5 merfolk avatars
  A ghost crab (shapeshifter) (Vaults:4)
  18 ogre magi
  11 anacondas
  16 ice dragons
  A spriggan air mage (Depths:3)
  19 dancing weapons
  An alligator snapping turtle (Shoals:4)
  10 centaur warriors
  6 merfolk aquamancers
  2 vampire magi
  5 orc high priests (Orc:4)
  10 tengu warriors
  A satyr (Shoals:3)
  13 deep troll shamans
  4 small abominations
  3 sun demons
  7 deep troll earth magi
  The ghost of endege the Skirmisher, a novice TrFi of the Shining One (D:9)
  Urug (D:14)
  3 soul eaters
  6 spriggan berserkers
  2 iron golems (Depths:1)
  16 naga sharpshooters
  14 hell knights
  6 salamander mystics (Snake:4)
  10 shock serpents
  An iron troll (shapeshifter) (Vaults:5)
  2 gelid demonspawn
  An ice devil (Hell)
  3 fire crabs
  7 skeletal warriors
  3 iron trolls
  7 naga ritualists
  9 sea snakes
  24 deep elf knights
  6 hill giants
  23 harpies
  7 phantasmal warriors
  4 giant orange brains
  4 flayed ghosts
  39 deep trolls
  14 deep elf summoners
  4 unseen horrors
  4 lindwurms (Snake:4)
  7 necromancers
  33 ugly things
  8 wizards
  10 orc sorcerers
  14 orc knights
  2 orb spiders (shapeshifter)
  14 griffons
  13 deep elf conjurers
  A tengu skeleton (Depths:4)
  14 mana vipers
  3 hornets
  A frost giant zombie (Depths:4)
  12 salamanders
  2 wolf spiders (Vaults:2)
  6 statues (Volcano)
  8 water nymphs
  16 ironbrand convokers
  A stone giant zombie (D:15)
  2 oklob plants (Zot:3)
  A guardian serpent (shapeshifter) (D:14)
  5 cyclopes
  A water nymph (shapeshifter) (Vaults:5)
  2 worldbinders (Vaults:2)
  A cyclops (shapeshifter) (Elf:2)
  13 elephants
  6 manticores
  A faun (shapeshifter) (Elf:2)
  An orb spider (Vaults:3)
  The ghost of Ijustatesigmund the Covert, a novice OpAs of Dithmenos (D:6)
  5 fauns
  3 sixfirhies
  A fire giant zombie (Vaults:4)
  28 naga magi
  An octopode (shapeshifter) (Vaults:3)
  8 rust devils
  12 guardian serpents
  38 black mambas
  2 gargoyles (D:13)
  A fire giant skeleton (Vaults:4)
  4 smoke demons
  21 moths of wrath
  9 spiny frogs
  10 vault sentinels
  5 sirens
  5 spectral swamp worms (Depths:1)
  5 orange demons
  16 komodo dragons
  A yaktaur (shapeshifter) (Depths:5)
  2 hellions
  A fire drake (Lair:7)
  A tormentor (Zot:5)
  5 kobold demonologists
  An efreet (D:14)
  81 yaktaurs
  A two-headed ogre (shapeshifter) (Lair:4)
  13 deep elf priests
  A queen bee (Lair:8)
  4 tengu conjurers
  6 hellwings
  A wind drake (shapeshifter) (Depths:1)
  A jumping spider (Vaults:4)
  A guardian mummy (D:15)
  A polar bear (Lair:5)
  4 red devils
  25 merfolk
  A tengu simulacrum (Depths:4)
  6 trolls
  Prince Ribbit (Lair:1)
  A jumping spider (shapeshifter) (Vaults:4)
  22 two-headed ogres
  44 slime creatures
  4 freezing wraiths
  A harpy skeleton (Vaults:1)
  4 wind drakes
  A hornet zombie (Vaults:1)
  21 blink frogs
  A blink frog (shapeshifter) (Vaults:2)
  7 snapping turtles
  A minotaur skeleton (Lab)
  A raiju (shapeshifter) (Vaults:4)
  5 wraiths
  A sphinx simulacrum (Depths:1)
  2 shadows
  A fire giant simulacrum (Vaults:2)
  3 air elementals (Depths:3)
  4 boulder beetles
  2 spriggans (Depths:4)
  10 redbacks
  A spriggan (shapeshifter) (Vaults:3)
  13 water elementals
  A fire dragon skeleton (D:15)
  2 ynoxinuls (Depths:2)
  34 deep elf magi
  4 fire bats (Lair:8)
  29 yaks
  A tarantella (shapeshifter) (Depths:1)
  2 wyverns
  4 fire elementals (D:14)
  A golden eye (Lair:6)
  A steam dragon (D:11)
  14 hippogriffs
  5 hungry ghosts
  5 hogs
  A basilisk (shapeshifter) (Depths:5)
  11 basilisks
  38 deep elf fighters
  11 wolves
  8 wargs
  12 vampire mosquitoes
  2 ogre zombies (Vaults:1)
  16 water moccasins
  52 nagas
  18 humans (D:13)
  An insubstantial wisp (Vaults:2)
  3 mottled dragons
  3 hell hounds (D:14)
  A soldier ant (D:12)
  A spatial vortex (Depths:2)
  An ogre skeleton (Vaults:1)
  A hydra simulacrum (Hell)
  8 sky beasts
  2 phantoms
  A sky beast (shapeshifter) (Vaults:1)
  41 orc warriors
  5 ice beasts
  12 porcupines
  An ettin simulacrum (Vaults:3)
  14 boggarts
  3 black bears
  An ogre (shapeshifter) (Depths:1)
  A centaur (shapeshifter) (Vaults:5)
  22 crocodiles
  2 eyes of draining
  55 ogres
  30 centaurs
  4 wasps
  A human zombie (Vaults:1)
  2 necrophages
  4 big kobolds
  19 giant frogs
  2 earth elementals (Vaults:2)
  A water moccasin skeleton (D:3)
  7 electric eels
  A human simulacrum (Vaults:1)
  27 killer bees
  A spriggan skeleton (Lab)
  A vampire bat (Vaults:2)
  3 wights (D:8)
  2 centaur zombies
  44 orc priests
  9 crimson imps
  A centaur skeleton (D:4)
  10 lava snakes (Volcano)
  A giant frog zombie (D:10)
  4 giant frog skeletons
  5 quasits
  5 hounds
  2 iron imps
  37 jellies
  A jelly (shapeshifter) (D:5)
  26 orc wizards
  Jessica (D:3)
  A worker ant (shapeshifter) (Vaults:5)
  Terence (D:3)
  10 worker ants
  11 iguanas
  20 sheep
  A sheep (shapeshifter) (D:7)
  A worker ant zombie (D:7)
  14 adders
  7 gnolls
  4 shadow imps
  48 river rats
  12 white imps (Shoals:3)
  2 ufetubi (Depths:3)
  2 adder zombies
  3 oozes (Lair:8)
  2 adder skeletons
  4 worms
  7 giant geckos
  187 orcs
  7 bats
  10 hobgoblins
  19 kobolds
  A ball python (D:1)
  A ball python skeleton (D:3)
  15 giant cockroaches
  A giant gecko skeleton (D:4)
  8 giant newts
  8 goblins
  18 jackals
  A jackal skeleton (D:5)
  4 quokkas
  A quokka skeleton (D:5)
  A quokka zombie (D:5)
  19 rats
  5 crawling corpses (Elf:3)
  3 fire vortices (D:15)
  8 fungi
  15 plants
  2 tentacles (Shoals:4)
2865 creatures vanquished.

Vanquished Creatures (collateral kills)
  A storm dragon (Vaults:5)
  An iron dragon (Vaults:5)
  Louise (Shoals:4)
  A vault warden (Vaults:5)
  2 very ugly things
  A stone giant (Vaults:5)
  A mottled draconian (Zot:1)
  A yellow draconian (Zot:3)
  An ettin (Vaults:5)
  4 vault guards (Vaults:5)
  A deep elf high priest (Vaults:5)
  2 hydras
  An ice devil (Hell)
  A mana viper (Snake:4)
  A griffon (Lair:7)
  An ironbrand convoker (Vaults:5)
  A faun (Vaults:5)
  A human skeleton (Vaults:4)
  A rust devil (Hell)
  2 vault sentinels (Vaults:5)
  An orange demon (Hell)
  A yaktaur zombie (Vaults:4)
  A yaktaur (Vaults:3)
  Grinder (D:5)
  A human (D:10)
  A yak (Lair:2)
  A porcupine (D:5)
  2 ogres (Vaults:5)
  A centaur (D:11)
  A boggart (shapeshifter) (D:4)
  A crocodile (Lair:7)
  A giant frog (Lair:7)
  5 killer bees (Lair:8)
  A worker ant (D:5)
  2 sheep (D:10)
  A gnoll (D:5)
  A river rat (Lair:1)
  An orc (Orc:4)
  A giant newt (D:5)
  A plant (Lair:8)
52 creatures vanquished.

Vanquished Creatures (others)
  A Killer Klown (Zot:2)
  Geryon (Hell)
  A golden dragon (Zot:5)
  2 liches
  An Orb Guardian (Depths:5)
  An eldritch tentacle (Depths:3)
  A sphinx (Depths:3)
  A tengu reaver (Depths:5)
  A fire giant (Vaults:5)
  A draconian knight (Zot:1)
  2 frost giants
  A draconian scorcher (Zot:1)
  2 ironheart preservers (Vaults:5)
  A draconian caller (Zot:4)
  A deep elf high priest (Vaults:5)
  3 dancing weapons
  An ogre mage (Depths:3)
  A deep elf knight (Elf:2)
  A skeletal warrior (D:15)
  A naga ritualist (Snake:4)
  A shadow wraith (Vaults:5)
  A tengu zombie (D:15)
  An ironbrand convoker (Vaults:3)
  3 deep elf conjurers
  A frost giant zombie (Depths:1)
  A fire giant zombie (Depths:1)
  A wizard (Depths:3)
  2 ugly things (D:15)
  3 moths of wrath
  A guardian serpent (Vaults:3)
  2 yaktaurs (Vaults:5)
  A jumping spider (Vaults:5)
  A troll (D:13)
  A deep elf priest (Vaults:5)
  3 ball lightnings (Lab)
  A deep troll skeleton (Depths:1)
  A spriggan skeleton (D:15)
  A ynoxinul (Depths:5)
  A deep elf fighter (Elf:2)
  A naga (Snake:4)
  A warg (Vaults:5)
  An ogre (Vaults:5)
  A centaur (D:15)
  5 boggarts
  A quasit (Depths:5)
  4 river rats (Lair:7)
  An orc (Vaults:2)
  A giant newt (D:1)
  59 eldritch tentacle segments (Depths:3)
  2 fulminant prisms (Depths:5)
  13 fungi
  42 plants
  16 tentacles (Shoals:4)
  168 tentacle segments (Shoals:4)
368 creatures vanquished.

Grand Total: 3285 creatures vanquished

Notes
Turn   | Place    | Note
--------------------------------------------------------------
     0 | D:1      | truemonolith the Minotaur Chaos Knight began the quest for the Orb.
     0 | D:1      | Reached XP level 1. HP: 19/19 MP: 0/0
    45 | D:1      | XOM: harmless Summ miscast
   103 | D:1      | Reached skill level 4 in Axes
   157 | D:1      | Reached XP level 2. HP: 26/26 MP: 1/1
   389 | D:1      | XOM: mild Tloc miscast
   673 | D:1      | Reached skill level 5 in Axes
   776 | D:1      | Reached XP level 3. HP: 22/31 MP: 2/2
   963 | D:1      | XOM: silly message
  1081 | D:1      | XOM: divination: detect creatures
  1087 | D:1      | Gained mutation: You expend magic power (3 MP) to strengthen your wands. [potion of mutation]
  1087 | D:1      | Gained mutation: You are occasionally teleported to nearby monsters. [potion of mutation]
  1087 | D:1      | Gained mutation: Your muscles are strong. (Str +2) [potion of mutation]
  1164 | D:2      | Found a burning altar of Makhleb.
  1192 | D:2      | XOM: butterfly on damage
  1217 | D:2      | XOM: harmless Pois miscast
  1519 | D:2      | Reached XP level 4. HP: 30/39 MP: 3/3
  1586 | D:2      | XOM: harmless Pois miscast
  1620 | D:2      | Found a sparkling altar of Nemelex Xobeh.
  1621 | D:2      | Found an ancient bone altar of Kikubaaqudgha.
  1715 | D:2      | Reached skill level 6 in Axes
  1716 | D:2      | XOM: polymorph gnoll -> adder
  1867 | D:2      | XOM: give mutations
  1867 | D:2      | Gained mutation: You possess an exceptional clarity of mind. [Xom's grace]
  1867 | D:2      | Gained mutation: You are partially covered in icy blue scales (AC +1). [Xom's grace]
  1867 | D:2      | Gained mutation: You are partially covered in rugged brown scales (AC +1, +3% HP). [Xom's grace]
  2153 | D:2      | XOM: 1-stop teleportation journey
  2217 | D:3      | Found a faded altar to an unknown god.
  2233 | D:3      | Reached skill level 7 in Axes
  2233 | D:3      | Reached XP level 5. HP: 40/46 MP: 4/4
  2242 | D:3      | XOM: 3-stop teleportation journey
  2291 | D:3      | Noticed Terence
  2306 | D:3      | Killed Terence
  2446 | D:3      | Noticed Jessica
  2450 | D:3      | Killed Jessica
  2450 | D:3      | Reached skill level 8 in Axes
  2581 | D:3      | Found a radiant altar of Vehumet.
  2635 | D:3      | Found a basalt altar of Yredelemnul.
  2641 | D:3      | Reached XP level 6. HP: 52/52 MP: 5/5
  2681 | D:3      | Found a sacrificial altar of Ru.
  2979 | D:4      | Found a glowing silver altar of Zin.
  3008 | D:4      | XOM: summons friendly ufetubus
  3012 | D:4      | Reached skill level 9 in Axes
  3062 | D:4      | Found a glowing golden altar of the Shining One.
  3320 | D:4      | XOM: scenery: 2 doors open
  3343 | D:4      | Found Jatham's Weapon Shoppe.
  3621 | D:5      | Entered Level 5 of the Dungeon
  3651 | D:5      | Reached XP level 7. HP: 58/58 MP: 6/6
  3702 | D:5      | Reached skill level 5 in Armour
  3950 | D:4      | XOM: colour smoke trail
  4065 | D:5      | XOM: divination: detect creatures
  4093 | D:5      | Found a glowing golden altar of the Shining One.
  4097 | D:5      | XOM: divination: detect creatures
  4104 | D:5      | XOM: divination: detect items
  4226 | D:5      | XOM: polymorph orc warrior -> porcupine
  4229 | D:5      | Gained mutation: You are robust (+10% HP). [potion of beneficial mutation]
  4238 | D:5      | XOM: swap monsters
  4253 | D:4      | XOM: swap monsters
  4704 | D:5      | Noticed Grinder
  4708 | D:5      | XOM: summons 2 friendly demons
  4716 | D:5      | Killed Grinder
  4716 | D:5      | Reached XP level 8. HP: 46/72 MP: 7/7
  5227 | D:5      | XOM: noise
  5598 | D:6      | XOM: swap monsters
  5605 | D:6      | Reached skill level 10 in Armour
  5614 | D:6      | XOM: 3-stop teleportation journey
  5641 | D:6      | Found a stormy altar of Qazlal.
  5645 | D:6      | XOM: 2-stop teleportation journey
  5647 | D:6      | Found a glowing drain.
  5654 | D:6      | XOM: 1-stop teleportation journey
  6005 | D:6      | Noticed Ijustatesigmund's ghost (novice OpAs)
  6006 | D:6      | Found a sacrificial altar of Ru.
  6010 | D:6      | XOM: confuse monster(s)
  6015 | D:6      | XOM: swap monsters
  6020 | D:6      | Killed Ijustatesigmund's ghost
  6020 | D:6      | Reached skill level 11 in Armour
  6020 | D:6      | Reached XP level 9. HP: 79/79 MP: 8/8
  6033 | D:6      | Found an iron altar of Okawaru.
  6224 | Sewer    | Entered a sewer
  6328 | Sewer    | Reached skill level 12 in Armour
  6414 | D:7      | Got a faintly glowing plate armour
  6425 | D:7      | Identified the +15 plate armour "Iqoiwneu" {rF+ Regen+ Dex+3 Stlth+} (You found it on level 7 of the Dungeon)
  6510 | D:7      | XOM: harmless Summ miscast
  6656 | D:7      | Found Qopys's Gadget Boutique.
  6664 | D:7      | XOM: summons 2 friendly demons
  6754 | D:7      | XOM: enchant monster (good)
  6949 | D:7      | Found a staircase to the Ecumenical Temple.
  7262 | D:8      | Reached skill level 13 in Armour
  7375 | D:8      | XOM: divination: detect items
  7495 | D:8      | XOM: summons friendly iron imp
  7499 | D:8      | XOM: swap monsters
  7502 | D:8      | XOM: confuse monster(s)
  7750 | D:8      | XOM: mild Hex miscast
  7968 | D:8      | XOM: give mutations
  7968 | D:8      | Lost mutation: You possess an exceptional clarity of mind. [Xom's mischief]
  7968 | D:8      | Gained mutation: Scrolls take you a little longer to read. [Xom's mischief]
  7968 | D:8      | Lost mutation: Scrolls take you a little longer to read. [Xom's mischief]
  7968 | D:8      | Lost mutation: You are robust (+10% HP). [Xom's mischief]
  8036 | D:8      | XOM: chaos upgrade
  8063 | D:8      | Reached XP level 10. HP: 79/79 MP: 9/9
  8161 | D:8      | XOM: harmless Trmt miscast
  8414 | D:9      | Noticed endege's ghost (novice TrFi)
  8418 | D:9      | XOM: 2-stop teleportation journey
  8426 | D:9      | XOM: harmless Fire miscast
  8446 | D:9      | Killed endege's ghost
  8446 | D:9      | Reached skill level 10 in Axes
  8526 | D:9      | XOM: potion effect (might)
  8634 | D:9      | Found a shimmering altar of Xom.
  8939 | D:10     | Entered Level 10 of the Dungeon
  9034 | D:10     | Noticed a hill giant
  9034 | D:10     | XOM: divination: detect creatures
  9045 | D:10     | Killed a hill giant
  9222 | D:10     | XOM: blink monster(s)
  9298 | D:10     | Found a staircase to the Lair.
  9299 | D:10     | Noticed an elephant
  9318 | D:10     | Killed an elephant
  9419 | D:10     | XOM: mild Erth miscast
  9640 | D:11     | Found Fopaor's Food Emporium.
  9640 | D:11     | XOM: summons 7 friendly demons
  9642 | D:11     | XOM: confuse monster(s)
  9702 | D:11     | Reached XP level 11. HP: 75/84 MP: 10/10
  9825 | D:11     | XOM: mild Ice miscast
 10057 | D:11     | Killed an unseen horror
 10057 | D:11     | Reached skill level 14 in Axes
 10095 | D:11     | XOM: blink monster(s)
 10151 | D:11     | XOM: colour smoke trail
 10492 | D:11     | Noticed a hill giant
 10501 | D:11     | Killed a hill giant
 10602 | Lair:1   | Entered Level 1 of the Lair of Beasts
 10645 | Lair:1   | Noticed Prince Ribbit
 10653 | Lair:1   | Reached skill level 15 in Axes
 10688 | Lair:1   | XOM: enchant monster (good)
 10690 | Lair:1   | XOM: confuse monster(s)
 10783 | Lair:1   | Killed Prince Ribbit
 10925 | Lair:1   | XOM: mild Trmt miscast
 11081 | Lair:1   | Reached skill level 16 in Axes
 11436 | Lair:2   | XOM: enchant monster (good)
 11487 | Lair:2   | XOM: cast spell 'Metabolic Englaciation'
 11491 | Lair:2   | XOM: confuse monster(s)
 11501 | Lair:2   | XOM: cast spell 'Cause Fear'
 11503 | Lair:2   | XOM: enchant monster (good)
 11514 | Lair:2   | XOM: harmless Pois miscast
 11562 | Lair:2   | XOM: silly message
 11602 | Lair:2   | Noticed Gastronok
 11615 | Lair:2   | Killed Gastronok
 11615 | Lair:2   | Reached skill level 17 in Axes
 11615 | Lair:2   | Reached XP level 12. HP: 87/92 MP: 11/11
 11805 | Lair:2   | XOM: divination: detect items
 12122 | Lair:2   | XOM: medium Pois miscast
 12148 | Lair:2   | XOM: harmless Summ miscast
 12267 | Lair:2   | XOM: destruction
 12446 | Lair:3   | Reached skill level 18 in Axes
 12504 | Lair:3   | Found a staircase to the Snake Pit.
 13092 | Lair:4   | Noticed a six-headed hydra
 13100 | Lair:4   | XOM: enchant monster (good)
 13106 | Lair:4   | Killed a 14-headed hydra
 13117 | Lair:4   | Got a bound bronze ring
 13122 | Lair:4   | Identified the ring of Beauty {MR+ MP+9 Dex+4} (You found it on level 4 of the Lair of Beasts)
 13252 | Lair:4   | XOM: enchant monster (good)
 13255 | Lair:4   | XOM: summons 12 friendly demons
 13314 | Lair:4   | Reached skill level 5 in Fighting
 13315 | Lair:4   | XOM: give mutations
 13315 | Lair:4   | Gained mutation: You have a beak for a mouth. [Xom's grace]
 13315 | Lair:4   | Gained mutation: You are surrounded by a mild repulsion field (EV +2). [Xom's grace]
 13315 | Lair:4   | Gained mutation: Your spells are a little harder to cast, but a little more powerful. [Xom's grace]
 13315 | Lair:4   | Gained mutation: You are resistant to electric shocks. [Xom's grace]
 13344 | Lair:4   | Found a staircase to the Shoals.
 13494 | Lair:4   | XOM: silly message
 13524 | Lair:4   | XOM: polymorph porcupine -> warg
 13612 | Lair:4   | XOM: god gift: crooked runed rod {god gift}
 13773 | Lair:4   | Gained mutation: Your muscles are very strong. (Str +4) [potion of beneficial mutation]
 13986 | Lair:4   | XOM: god gift: potion of lignification
 14036 | Lair:4   | XOM: summons 2 friendly demons
 14191 | Lair:5   | Found a labyrinth entrance.
 14204 | Lab      | Entered a labyrinth
 14434 | Lab      | XOM: vitrification
 14570 | Lab      | Noticed a minotaur
 14571 | Lab      | XOM: swap monsters
 14574 | Lab      | XOM: cast spell 'Conjure Ball Lightning'
 14579 | Lab      | Killed a minotaur
 14581 | Lab      | Got a warped marble ring
 14582 | Lab      | Gained mutation: You are covered in fur (AC +1). [potion of beneficial mutation]
 14584 | Lab      | Identified the ring "Zusaas" {+/*Tele rPois rC+++ Int-4} (You took it off a minotaur in a labyrinth)
 14591 | Lab      | XOM: 5-stop teleportation journey
 14654 | Lab      | XOM: god gift: dented peridot amulet {god gift}
 14788 | Lab      | Reached skill level 1 in Evocations
 15146 | Lab      | XOM: colour smoke trail
 15246 | Lair:5   | XOM: severe Tloc miscast
 15248 | Lair:5   | Noticed Josephine
 15256 | Lair:5   | Killed Josephine
 15259 | Lair:5   | Reached XP level 13. HP: 114/114 MP: 14/14
 15299 | Lair:5   | XOM: mild Summ miscast
 15305 | Lair:5   | XOM: potion effect (curing)
 15306 | Lair:5   | XOM: harmless Tloc miscast
 15336 | Lair:5   | Gained mutation: You are clumsy. (Dex -2) [mutagenic glow]
 15418 | Lair:5   | XOM: enchant monster (bad)
 15420 | Lair:5   | XOM: cast spell 'Ice Form'
 15499 | Lair:5   | Noticed a seven-headed hydra
 15509 | Lair:5   | Killed a ten-headed hydra
 15509 | Lair:5   | Reached skill level 5 in Evocations
 15529 | Lair:5   | XOM: fog
 15686 | Lair:5   | XOM: mild Divn miscast
 15831 | Lair:5   | XOM: scenery: 1 doors open
 16070 | Lair:5   | XOM: enchant monster (bad)
 16181 | Lair:5   | XOM: divination: detect creatures
 16288 | Lair:6   | XOM: polymorph spiny frog -> golden eye
 16332 | Lair:6   | Reached skill level 10 in Fighting
 16402 | Lair:6   | XOM: blink monster(s)
 16539 | Lair:6   | XOM: colour smoke trail
 16639 | Lair:6   | XOM is BORED!
 16639 | Lair:6   | XOM: noise
 16781 | Lair:6   | XOM: divination: detect items
 16963 | Lair:6   | XOM: mild Chrm miscast
 17106 | Lair:7   | XOM: summons friendly ufetubus
 17109 | Lair:7   | XOM: confuse monster(s)
 17120 | Lair:7   | XOM: potion effect (berserk rage)
 17307 | Lair:7   | Noticed Maud
 17309 | Lair:7   | XOM: cast spell 'Metabolic Englaciation'
 17318 | Lair:7   | Killed Maud
 17375 | Lair:7   | Noticed Kirke
 17380 | Lair:7   | Noticed Snorg
 17383 | Lair:7   | XOM: divination: detect items
 17392 | Lair:7   | Noticed a sphinx
 17392 | Lair:7   | Killed Kirke
 17395 | Lair:7   | Killed Snorg
 17406 | Lair:7   | XOM: give mutations
 17406 | Lair:7   | Lost mutation: You are surrounded by a mild repulsion field (EV +2). [Xom's mischief]
 17406 | Lair:7   | Gained mutation: Scrolls take you a little longer to read. [Xom's mischief]
 17406 | Lair:7   | Lost mutation: Scrolls take you a little longer to read. [Xom's mischief]
 17516 | Lair:7   | XOM: harmless Conj miscast
 17545 | Lair:7   | XOM: enchant monster (good)
 17548 | Lair:7   | XOM: summons 13 friendly demons
 17572 | Lair:7   | Reached XP level 14. HP: 124/133 MP: 17/17
 17703 | Lair:7   | XOM: enchant monster (good)
 17909 | Lair:8   | Entered Level 8 of the Lair of Beasts
 17914 | Lair:8   | XOM: medium Chrm miscast
 17925 | Lair:8   | Found a staircase to the Slime Pits.
 18142 | Lair:8   | XOM: cast spell 'Summon Swarm'
 18245 | Lair:8   | XOM: vitrification
 18365 | Lair:8   | Found a dark tunnel.
 18375 | Volcano  | Entered a volcano
 18530 | Volcano  | XOM: divination: magic mapping
 18533 | Volcano  | XOM: summons friendly shadow imp
 18551 | Volcano  | Reached skill level 15 in Fighting
 18596 | Volcano  | Found a shimmering altar of Xom.
 18603 | Volcano  | XOM: mild Divn miscast
 18697 | Lair:8   | XOM: noise
 18878 | Lair:8   | XOM: summons friendly white imp
 19275 | Lair:8   | XOM: confuse monster(s)
 19279 | Lair:8   | XOM: enchant monster (good)
 19288 | Lair:8   | XOM: summons friendly ufetubus
 19305 | Lair:8   | XOM: blink monster(s)
 19307 | Lair:8   | XOM: enchant monster (good)
 19350 | Lair:8   | XOM: chaos cloud
 19457 | Lair:8   | XOM: silly message
 19523 | Lair:8   | XOM: cast spell 'Dragon Form'
 19569 | Lair:8   | XOM: cast spell 'Confusing Touch'
 19645 | Lair:8   | XOM: colour smoke trail
 19856 | Lair:8   | XOM: divination: detect creatures
 19858 | Lair:8   | XOM: summons friendly shadow imp
 19863 | Lair:8   | XOM: potion effect (agility)
 19956 | Lair:8   | XOM: cast spell 'Cause Fear'
 20428 | D:12     | Found a staircase to the Orcish Mines.
 20494 | D:12     | Noticed Frances
 20505 | D:12     | Killed Frances
 20510 | D:12     | Found Dostamose's Antique Armour Shoppe.
 20516 | D:12     | Bought a glowing cloak for 135 gold pieces
 20549 | Orc:1    | Entered Level 1 of the Orcish Mines
 20899 | Orc:2    | Found Vahor's Distillery.
 20939 | Orc:2    | Found Maedghyor's Book Emporium.
 20965 | Orc:2    | XOM: chaos upgrade
 21399 | Orc:2    | XOM: harmless Pois miscast
 21406 | Orc:3    | Noticed Nessos
 21419 | Orc:3    | XOM: noise
 21435 | Orc:3    | Killed Nessos
 21908 | Orc:2    | XOM: colour smoke trail
 22001 | Orc:3    | Noticed Rupert
 22002 | Orc:3    | XOM: noise
 22033 | Orc:3    | Killed Rupert
 22048 | Orc:3    | XOM: medium Chrm miscast
 22374 | Orc:3    | XOM: medium Summ miscast
 22455 | Orc:4    | Entered Level 4 of the Orcish Mines
 22472 | Orc:4    | Found Jitt's Gadget Shoppe.
 22560 | Orc:4    | Reached XP level 15. HP: 153/153 MP: 18/18
 22621 | Orc:4    | Found a roughly hewn altar of Beogh.
 22623 | Orc:4    | XOM: silly message
 22712 | Orc:4    | XOM: summons friendly quasit
 22714 | Orc:4    | XOM: confuse monster(s)
 22858 | Orc:4    | Found Xytud's Distillery.
 22865 | Orc:4    | Found Huwa's Magic Scroll Shop.
 22990 | Orc:4    | XOM: enchant monster (good)
 23180 | Orc:4    | XOM: colour smoke trail
 23349 | Orc:4    | XOM: summons 1 hostile demon
 23423 | Orc:4    | XOM: stat loss: -1 Int (4/5)
 23441 | Orc:4    | Found Ogofeuf's Antique Weapon Emporium.
 23441 | Orc:4    | Found Ozekkok's Book Shoppe.
 23443 | Orc:4    | Reached skill level 19 in Fighting
 23490 | Orc:4    | XOM: mild Divn miscast
 23554 | Orc:4    | Found a one-way gate leading to the halls of Pandemonium.
 23999 | Orc:3    | XOM: harmless Erth miscast
 24006 | Orc:3    | Found a staircase to the Elven Halls.
 24084 | D:12     | XOM: harmless Summ miscast
 24239 | D:12     | Noticed Guts's ghost (journeyman HuBe)
 24242 | D:12     | XOM: stat loss: -1 Dex (16/17)
 24247 | D:12     | Killed Guts's ghost
 24801 | D:13     | XOM: colour smoke trail
 24902 | D:13     | Reached skill level 20 in Fighting
 25019 | D:13     | XOM: summons 5 hostile demons
 25055 | D:13     | XOM: enchant monster (bad)
 25059 | D:13     | XOM: potion effect (agility)
 25065 | D:13     | XOM: potion effect (invisibility)
 25067 | D:13     | XOM: cast spell 'Dispersal'
 25098 | D:13     | XOM: divination: detect creatures
 25106 | D:13     | XOM: silly message
 25109 | D:13     | XOM: silly message
 25159 | D:13     | Found a gate to the Vaults.
 25327 | D:13     | XOM: potion effect (berserk rage)
 25500 | D:14     | Noticed Azrael
 25500 | D:14     | XOM: potion effect (might)
 25509 | D:14     | Killed Azrael
 25517 | D:14     | XOM: potion effect (haste)
 25619 | D:14     | XOM: silly message
 25646 | D:14     | XOM: potion effect (invisibility)
 25724 | D:14     | Reached skill level 5 in Dodging
 25854 | D:14     | Noticed Urug
 25854 | D:14     | XOM: harmless Conj miscast
 25867 | D:14     | Killed Urug
 25969 | D:14     | XOM: potion effect (agility)
 26033 | D:14     | Got a vibrating graven amulet
 26051 | D:14     | XOM: harmless Conj miscast
 26145 | D:15     | Entered Level 15 of the Dungeon
 26239 | D:15     | XOM: silly message
 26247 | D:15     | XOM: silly message
 26313 | D:15     | XOM: potion effect (agility)
 26315 | D:15     | XOM: divination: detect creatures
 26319 | D:15     | Reached XP level 16. HP: 160/169 MP: 19/19
 26394 | D:15     | Found a staircase to the Depths.
 26397 | D:15     | XOM: summons friendly crimson imp
 26407 | D:15     | XOM: divination: detect creatures
 26450 | D:15     | XOM: medium Necr miscast
 26763 | Snake:1  | Entered Level 1 of the Snake Pit
 26845 | Snake:1  | Identified the amulet "Xillareu" {*Contam rC+ MR+ Regen+ Dex+2} (You found it on level 14 of the Dungeon)
 26896 | Snake:1  | XOM: potion effect (magic)
 26898 | Snake:1  | XOM: fake destruction
 26927 | Snake:1  | XOM: fake destruction
 27437 | Snake:1  | Reached skill level 10 in Dodging
 27692 | Snake:1  | Reached skill level 21 in Fighting
 27692 | Snake:1  | Reached XP level 17. HP: 174/178 MP: 20/20
 27752 | Snake:2  | Noticed Vashnia
 27928 | Snake:2  | Noticed Aizul
 27942 | Snake:2  | Killed Aizul
 28025 | Snake:2  | XOM: 2-stop teleportation journey
 28031 | Snake:2  | XOM: snakes to sticks
 28201 | Snake:2  | XOM: fog
 28203 | Snake:2  | XOM: polymorph mana viper -> moth of wrath
 28211 | Snake:2  | XOM: summons friendly quasit
 28349 | Snake:2  | XOM: harmless Air miscast
 28364 | Snake:2  | XOM: scenery: create altars
 28400 | Snake:2  | XOM: swap monsters
 28408 | Snake:2  | XOM: potion effect (agility)
 28531 | Snake:2  | XOM: harmless Pois miscast
 28692 | Snake:2  | XOM: divination: detect creatures
 28712 | Snake:2  | XOM: silly message
 28749 | Snake:1  | XOM: divination: detect creatures
 28814 | Snake:2  | XOM: summons 3 friendly demons
 28821 | Snake:2  | XOM: enchant monster (bad)
 28830 | Snake:2  | XOM: fog
 28843 | Snake:2  | Killed Vashnia
 28858 | Snake:2  | XOM: harmless Trmt miscast
 29082 | Snake:2  | XOM: summons 5 hostile shadow creatures
 29185 | Snake:2  | XOM: mild Hex miscast
 29415 | Snake:3  | XOM: noise
 29418 | Snake:3  | XOM: enchant monster (bad)
 29432 | Snake:3  | XOM: cast spell 'Dispersal'
 29607 | Snake:3  | XOM: harmless Conj miscast
 29651 | Snake:3  | XOM: divination: detect creatures
 29657 | Snake:3  | XOM: divination: detect items
 29731 | Snake:3  | XOM: harmless Tloc miscast
 29739 | Snake:3  | XOM: potion effect (berserk rage)
 29740 | Snake:3  | XOM: potion effect (curing)
 29742 | Snake:3  | XOM: fog
 29947 | Snake:3  | Noticed Norris
 29957 | Snake:3  | XOM: give mutations
 29957 | Snake:3  | Gained mutation: You are somewhat resistant to further mutation. [Xom's grace]
 29957 | Snake:3  | Gained mutation: You are resistant to hostile enchantments. [Xom's grace]
 29957 | Snake:3  | Gained mutation: You are somewhat resistant to both further mutation and mutation removal. [Xom's grace]
 29982 | Snake:3  | Killed Norris
 29982 | Snake:3  | Reached XP level 18. HP: 84/187 MP: 21/21
 30268 | Snake:3  | XOM: swap monsters
 30403 | Snake:3  | XOM: medium Pois miscast
 30505 | Snake:3  | Noticed Roxanne
 30523 | Snake:3  | Found a deep blue altar of Sif Muna.
 30799 | Snake:4  | XOM: noise
 30799 | Snake:4  | Entered Level 4 of the Snake Pit
 30847 | Snake:4  | XOM: vitrification
 30923 | Snake:4  | XOM: confusion
 30941 | Snake:4  | XOM: enchant monster (bad)
 30945 | Snake:4  | XOM: divination: magic mapping
 31113 | Snake:4  | XOM: potion effect (haste)
 31116 | Snake:4  | XOM: potion effect (brilliance)
 31173 | Snake:4  | XOM: silly message
 31208 | Snake:4  | XOM: potion effect (agility)
 31209 | Snake:4  | XOM: harmless Pois miscast
 31210 | Snake:4  | Found a shadowy altar of Dithmenos.
 31231 | Snake:4  | XOM: potion effect (haste)
 31296 | Snake:4  | XOM: potion effect (haste)
 31582 | Snake:4  | XOM: potion effect (brilliance)
 31606 | Snake:4  | XOM: potion effect (heal wounds)
 31696 | Snake:4  | XOM: divination: detect creatures
 31709 | Snake:4  | XOM: harmless Tloc miscast
 31739 | Snake:4  | XOM: harmless Conj miscast
 31781 | Snake:4  | XOM: potion effect (brilliance)
 31805 | Snake:4  | XOM: confuse monster(s)
 31813 | Snake:4  | XOM: noise
 31815 | Snake:4  | XOM: enchant monster (good)
 31845 | Snake:4  | XOM: potion effect (might)
 31848 | Snake:4  | XOM: potion effect (might)
 31859 | Snake:4  | Reached skill level 22 in Axes
 31860 | Snake:4  | XOM: cast spell 'Summon Swarm'
 32179 | Snake:4  | XOM: summons 2 friendly demons
 32218 | Snake:4  | XOM: harmless Summ miscast
 32321 | Snake:4  | XOM: colour smoke trail
 32456 | Snake:4  | Got a serpentine rune of Zot
 32718 | Lair:4   | XOM: god gift: 7 meat rations
 32756 | Shoals:1 | Entered Level 1 of the Shoals
 32783 | Shoals:1 | XOM: cast spell 'Ice Form'
 32791 | Shoals:1 | XOM: silly message
 33165 | Shoals:1 | Reached skill level 23 in Axes
 33472 | Shoals:1 | XOM: enchant monster (good)
 33497 | Shoals:1 | XOM: enchant monster (bad)
 33513 | Shoals:1 | XOM: noise
 33552 | Shoals:1 | XOM: polymorph snapping turtle -> slime creature
 33580 | Shoals:2 | XOM: enchant monster (bad)
 33584 | Shoals:2 | XOM: mild Tloc miscast
 33590 | Shoals:2 | Reached XP level 19. HP: 189/194 MP: 22/22
 33600 | Shoals:2 | XOM: 1-stop teleportation journey
 33611 | Shoals:2 | XOM: noise
 33628 | Shoals:2 | XOM: chaos upgrade
 33637 | Shoals:2 | XOM: summons friendly crimson imp
 33643 | Shoals:2 | XOM: summons 2 friendly demons
 33644 | Shoals:2 | XOM: noise
 33649 | Shoals:2 | XOM: fake destruction
 33696 | Shoals:2 | XOM: divination: detect creatures
 33703 | Shoals:2 | XOM: destruction
 33805 | Shoals:2 | XOM: harmless Tloc miscast
 33837 | Shoals:2 | XOM: 2-stop teleportation journey
 33939 | Shoals:2 | Found Sifiemor's Armour Shop.
 33973 | Shoals:2 | XOM: chaos upgrade
 34088 | Shoals:2 | XOM: 8-stop teleportation journey
 34157 | Shoals:2 | XOM: polymorph griffon -> something unseen
 34199 | Shoals:2 | XOM: 6-stop teleportation journey
 34672 | Shoals:3 | Found a frozen archway.
 34755 | Shoals:3 | Found Rutucall's Weapon Shop.
 35041 | Shoals:4 | Entered Level 4 of the Shoals
 35043 | Shoals:4 | Noticed Ilsuiw
 35104 | Shoals:4 | XOM: silly message
 35122 | Shoals:4 | XOM: summons friendly crimson imp
 35126 | Shoals:4 | XOM: enchant monster (good)
 35221 | Shoals:3 | XOM: fog
 35250 | Shoals:3 | XOM: silly message
 35288 | Shoals:3 | Killed Ilsuiw
 35299 | Shoals:3 | XOM: harmless Hex miscast
 35440 | Shoals:4 | Noticed Louise
 35440 | Shoals:4 | XOM: summons 4 friendly demons
 35450 | Shoals:4 | Killed Louise
 35450 | Shoals:4 | Reached skill level 15 in Armour
 35474 | Shoals:4 | XOM: 2-stop teleportation journey
 35508 | Shoals:4 | Noticed Mara
 35510 | Shoals:4 | Noticed truemonolith's illusion
 35521 | Shoals:4 | XOM: confusion (+ monsters)
 35571 | Shoals:4 | XOM: 1-stop teleportation journey
 35596 | Shoals:4 | XOM: noise
 35601 | Shoals:4 | XOM: smoke on damage
 35731 | Shoals:4 | XOM: noise
 35739 | Shoals:4 | XOM: enchant monster (bad)
 35801 | Shoals:4 | XOM: noise
 35813 | Shoals:4 | XOM: cast spell 'Call Canine Familiar'
 35823 | Shoals:4 | XOM: enchant monster (bad)
 35847 | Shoals:4 | XOM: divination: detect creatures
 35878 | Shoals:4 | XOM: medium Summ miscast
 35988 | Shoals:4 | XOM: 3-stop teleportation journey
 35993 | Shoals:4 | XOM: summons friendly crimson imp
 36023 | Shoals:4 | XOM: confusion
 36031 | Shoals:4 | XOM: divination: magic mapping
 36112 | Shoals:4 | XOM: 2-stop teleportation journey
 36113 | Shoals:4 | XOM: confuse monster(s)
 36140 | Shoals:4 | XOM: give mutations
 36140 | Shoals:4 | Gained mutation: Scrolls take you a little longer to read. [Xom's mischief]
 36140 | Shoals:4 | Lost mutation: You are resistant to hostile enchantments. [Xom's mischief]
 36140 | Shoals:4 | Lost mutation: You are partially covered in rugged brown scales (AC +1, +3% HP). [Xom's mischief]
 36140 | Shoals:4 | Lost mutation: Your muscles are very strong. (Str +4) [Xom's mischief]
 36151 | Shoals:4 | Noticed truemonolith's illusion
 36154 | Shoals:4 | XOM: blink monster(s)
 36171 | Shoals:3 | XOM: summons friendly iron imp
 36227 | Shoals:3 | XOM: summons 2 hostile demons
 36287 | Shoals:4 | Noticed truemonolith's illusion
 36295 | Shoals:3 | Noticed truemonolith's illusion
 36329 | Shoals:3 | Killed Mara
 36333 | Shoals:3 | XOM: 2-stop teleportation journey
 36334 | Shoals:3 | XOM: enchant monster (bad)
 36338 | Shoals:3 | XOM: noise
 36344 | Shoals:3 | HP: 9/189 [Mara (illusionary)/demon whip of draining (3)]
 36368 | Shoals:3 | XOM: potion effect (agility)
 36665 | Lair:1   | XOM: divination: detect creatures
 36794 | D:11     | Killed an unseen horror
 36877 | Orc:2    | Bought a potion of curing for 33 gold pieces
 36877 | Orc:2    | Bought a potion of curing for 33 gold pieces
 36929 | Orc:4    | Bought a potion of haste for 140 gold pieces
 36929 | Orc:4    | Bought a potion of might for 56 gold pieces
 36929 | Orc:4    | Bought 2 potions of haste for 280 gold pieces
 36929 | Orc:4    | Bought a potion of curing for 42 gold pieces
 36929 | Orc:4    | Bought a potion of berserk rage for 70 gold pieces
 36929 | Orc:4    | Bought a potion of agility for 56 gold pieces
 36929 | Orc:4    | Bought a potion of curing for 42 gold pieces
 36929 | Orc:4    | Bought a potion of heal wounds for 70 gold pieces
 36929 | Orc:4    | Bought a potion of curing for 42 gold pieces
 36941 | Orc:4    | XOM: divination: detect creatures
 37165 | Elf:1    | Entered Level 1 of the Elven Halls
 37445 | Elf:1    | XOM: silly message
 37493 | Elf:1    | XOM: enchant monster (bad)
 37508 | Elf:1    | Found a portal to a secret trove of treasure.
 37689 | Elf:1    | Found a deep blue altar of Sif Muna.
 37715 | Elf:1    | Found Bodien's General Store.
 37815 | Elf:1    | XOM: potion effect (brilliance)
 37826 | Elf:1    | XOM: blink monster(s)
 38084 | Elf:2    | XOM: potion effect (berserk rage)
 38208 | Elf:2    | XOM: summons 2 friendly demons
 38212 | Elf:2    | XOM: polymorph deep elf summoner -> swamp dragon
 38241 | Elf:2    | Found Maapn's Armour Emporium.
 38304 | Elf:2    | Bought the +3 cloak of Doqipt {*Drain rElec Int+2 Dex+4} for 607 gold pieces
 38341 | Elf:2    | Noticed Donald
 38355 | Elf:2    | Killed Donald
 38452 | Elf:2    | XOM: colour smoke trail
 38464 | Elf:2    | XOM: divination: detect items
 38572 | Elf:2    | XOM: silly message
 38620 | Elf:2    | XOM: cast spell 'Blink'
 38625 | Elf:2    | XOM: noise
 38639 | Elf:2    | Found a huge runed gate.
 38640 | Elf:2    | Found a huge runed gate.
 38641 | Elf:2    | Found a huge runed gate.
 38642 | Elf:2    | Found a huge runed gate.
 38643 | Elf:2    | Found a huge runed gate.
 38658 | Elf:2    | XOM: silly message
 38723 | Elf:2    | Reached XP level 20. HP: 147/198 MP: 23/23
 38723 | Elf:2    | XOM: smoke on damage
 38749 | Elf:2    | XOM: cast spell 'Dispersal'
 38755 | Elf:2    | XOM: silly message
 38840 | Elf:2    | XOM: summons friendly quasit
 39026 | Elf:2    | XOM: summons friendly ufetubus
 39324 | Elf:2    | XOM: god gift: 59 gold pieces
 39334 | Elf:3    | Entered Level 3 of the Elven Halls
 39346 | Elf:3    | XOM: medium Erth miscast
 39642 | Elf:3    | XOM: noise
 39665 | Elf:3    | XOM: harmless Tloc miscast
 39682 | Elf:3    | XOM: polymorph deep elf sorcerer -> eight-headed hydra
 39693 | Elf:3    | XOM: polymorph deep elf death mage -> fire giant
 39700 | Elf:3    | XOM: mild Necr miscast
 39739 | Elf:2    | XOM: give mutations
 39739 | Elf:2    | Gained mutation: Your body sometimes deteriorates upon taking damage. [Xom's mischief]
 39739 | Elf:2    | Lost mutation: Your body sometimes deteriorates upon taking damage. [Xom's mischief]
 39739 | Elf:2    | Lost mutation: You are somewhat resistant to both further mutation and mutation removal. [Xom's mischief]
 39978 | D:13     | XOM: silly message
 39989 | Vaults:1 | Entered Level 1 of the Vaults
 40250 | Vaults:1 | XOM: noise
 40258 | Vaults:1 | XOM: harmless Tloc miscast
 40279 | Vaults:1 | XOM: cast spell 'Cause Fear'
 40291 | Vaults:1 | XOM: divination: detect creatures
 40310 | Vaults:1 | XOM: smoke on damage
 40617 | Vaults:1 | XOM: divination: detect creatures
 40652 | Vaults:1 | XOM: harmless Summ miscast
 40712 | Vaults:1 | XOM: mild Erth miscast
 40738 | Vaults:1 | XOM: scenery: 3 doors close
 40952 | Vaults:1 | XOM: summons friendly crimson imp
 41136 | Vaults:1 | XOM: potion effect (berserk rage)
 41309 | Vaults:1 | XOM: scenery: 2 doors close
 41369 | Vaults:1 | XOM: harmless Conj miscast
 41387 | Vaults:1 | XOM: vitrification
 41395 | Vaults:1 | XOM: god gift: 8 tomahawks of returning
 41441 | Vaults:1 | XOM: summons 2 hostile demons
 41668 | Shoals:3 | XOM: confuse monster(s)
 41672 | Shoals:3 | XOM: fog
 41682 | Shoals:3 | Noticed truemonolith's illusion
 41682 | Shoals:3 | Killed Mara
 41791 | Shoals:4 | XOM: cast spell 'Discord'
 41822 | Shoals:4 | XOM: confuse monster(s)
 41857 | Shoals:4 | XOM: enchant monster (good)
 42003 | Shoals:4 | XOM: god gift: scroll of teleportation
 42228 | Shoals:4 | Identified the Compendium of Destructive Ice
 42249 | Shoals:4 | XOM: mild Tloc miscast
 42341 | Shoals:4 | XOM: mild Summ miscast
 42343 | Shoals:4 | XOM: summons friendly ufetubus
 42365 | Shoals:4 | Got a barnacled rune of Zot
 42387 | Shoals:4 | XOM: divination: detect creatures
 42741 | D:10     | XOM: 5-stop teleportation journey
 42911 | Vaults:2 | Reached skill level 1 in Shields
 42918 | Vaults:2 | XOM: cast spell 'Excruciating Wounds'
 43033 | Vaults:2 | XOM: divination: detect creatures
 43247 | Vaults:2 | Reached skill level 5 in Shields
 43250 | Vaults:2 | Reached XP level 21. HP: 204/204 MP: 24/24
 43380 | Vaults:2 | XOM: divination: detect creatures
 43389 | Vaults:2 | XOM: potion effect (brilliance)
 43468 | Vaults:2 | XOM: cast spell 'Stoneskin'
 43721 | Vaults:2 | XOM: mild Fire miscast
 43790 | Vaults:2 | XOM: cast spell 'Summon Small Mammal'
 43888 | Vaults:2 | XOM: potion effect (brilliance)
 43929 | Vaults:2 | XOM: cast spell 'Blink'
 43933 | Vaults:2 | XOM: cast spell 'Confusing Touch'
 43953 | Vaults:2 | Identified the Grimoire of Stones
 44024 | Vaults:2 | XOM: potion effect (brilliance)
 44029 | Vaults:2 | Reached skill level 10 in Shields
 44042 | Vaults:2 | XOM: enchant monster (bad)
 44234 | Vaults:2 | Identified the Guide on Dusty Transmutation
 44264 | Vaults:2 | XOM: mild Tloc miscast
 44496 | Vaults:2 | Identified the Collected Works on the Escort
 44602 | Vaults:3 | XOM: polymorph vault sentinel -> orb spider
 44615 | Vaults:3 | XOM: divination: detect items
 44697 | Vaults:3 | XOM: 5-stop teleportation journey
 44744 | Vaults:3 | XOM: god gift: chain mail {god gift}
 44773 | Vaults:3 | XOM: fog
 44799 | Vaults:3 | XOM: enchant monster (good)
 44817 | Vaults:3 | XOM: cast spell 'Olgreb's Toxic Radiance'
 44819 | Vaults:3 | XOM: divine lightning
 44926 | Vaults:3 | XOM: confuse monster(s)
 44932 | Vaults:3 | XOM: god gift: scroll of fear
 44936 | Vaults:3 | XOM: stat loss: -1 Str (25/26)
 44939 | Vaults:3 | XOM: fake destruction
 44944 | Vaults:3 | XOM: chaos upgrade
 44946 | Vaults:3 | XOM: summons friendly quasit
 44960 | Vaults:3 | XOM: summons 8 friendly demons
 44968 | Vaults:3 | XOM: polymorph stone giant -> iron troll
 44974 | Vaults:3 | XOM: chaos cloud
 44977 | Vaults:3 | Paralysed by you for 4 turns
 44980 | Vaults:3 | XOM: confuse monster(s)
 44984 | Vaults:3 | XOM: polymorph boulder beetle -> moth of wrath
 44986 | Vaults:3 | XOM: fake destruction
 44989 | Vaults:3 | XOM: confusion
 45155 | Vaults:2 | XOM: mild Erth miscast
 45184 | Vaults:2 | XOM: polymorph deep elf priest -> basilisk
 45383 | Vaults:3 | XOM: 3-stop teleportation journey
 45384 | Vaults:3 | Noticed Boris
 45401 | Vaults:3 | Killed Boris
 45401 | Vaults:3 | Reached skill level 15 in Shields
 45405 | Vaults:3 | XOM: mild Trmt miscast
 45551 | Vaults:3 | XOM: summons 2 friendly demons
 45587 | Vaults:3 | XOM: enchant monster (good)
 45743 | Vaults:3 | Reached XP level 22. HP: 209/213 MP: 25/25
 45764 | Vaults:3 | Identified the Handbook of the Snowflakes and Confrontation
 45869 | Vaults:3 | XOM: noise
 45882 | Vaults:3 | XOM: confuse monster(s)
 45935 | Vaults:3 | XOM: god gift: 29 gold pieces
 46220 | Vaults:3 | XOM: harmless Pois miscast
 46254 | Vaults:3 | XOM: harmless Conj miscast
 46260 | Vaults:3 | XOM: potion effect (experience)
 46260 | Vaults:3 | Reached XP level 23. HP: 220/220 MP: 26/26
 46353 | Vaults:3 | XOM: potion effect (agility)
 46354 | Vaults:3 | XOM: enchant monster (good)
 46440 | Vaults:3 | Found a staircase to the Crypt.
 46545 | Vaults:3 | XOM: vitrification
 46697 | Vaults:3 | XOM: silly message
 46833 | Vaults:4 | XOM: polymorph orc warrior -> wasp
 46841 | Vaults:4 | XOM: summons friendly shadow imp
 46935 | Vaults:3 | XOM: 5-stop teleportation journey
 47062 | Vaults:4 | XOM: summons 6 friendly demons
 47092 | Vaults:4 | XOM: stat loss: -1 Str (25/26)
 47116 | Vaults:4 | Noticed Jorgrun
 47129 | Vaults:4 | Killed Jorgrun
 47194 | Vaults:4 | XOM: enchant monster (good)
 47208 | Vaults:4 | XOM: cast spell 'Call Canine Familiar'
 47227 | Vaults:4 | XOM: 1-stop teleportation journey
 47355 | Vaults:4 | XOM: divination: detect items
 47612 | Vaults:4 | XOM: god gift: scale mail {god gift}
 47850 | Vaults:4 | XOM: potion effect (haste)
 48509 | Orc:1    | XOM: silly message
 48572 | Orc:1    | Found Humpayke's Distillery.
 48604 | Orc:1    | Bought a potion of berserk rage for 70 gold pieces
 48604 | Orc:1    | Bought 2 potions of haste for 280 gold pieces
 48604 | Orc:1    | Bought 2 potions of haste for 280 gold pieces
 49097 | Elf:3    | XOM: summons 3 friendly demons
 49104 | Elf:3    | XOM: confuse monster(s)
 49108 | Elf:3    | XOM: noise
 49135 | Elf:3    | XOM: noise
 49145 | Elf:3    | XOM: enchant monster (good)
 49155 | Elf:3    | XOM: harmless Trmt miscast
 49282 | Elf:3    | XOM: harmless Erth miscast
 49304 | Elf:3    | Reached skill level 10 in Evocations
 49312 | Elf:3    | XOM: summons friendly iron imp
 49319 | Elf:3    | XOM: potion effect (agility)
 49367 | Elf:3    | XOM: scenery: 2 doors close
 49381 | Elf:3    | XOM: potion effect (haste)
 49397 | Elf:3    | XOM: enchant monster (good)
 49408 | Elf:3    | XOM: mild Hex miscast
 49477 | Elf:3    | XOM: blink monster(s)
 49485 | Elf:3    | XOM: noise
 49501 | Elf:3    | XOM: cast spell 'Stoneskin'
 49507 | Elf:3    | XOM: enchant monster (good)
 49800 | Elf:3    | XOM: cast spell 'Metabolic Englaciation'
 50038 | Elf:3    | Got a glittering jade ring
 50067 | Elf:3    | Identified the ring of Cigateef {*Confuse rF+++ MR- Str+2 Slay+1} (You found it on level 3 of the Elven Halls)
 50078 | Elf:3    | Got a translucent chain mail
 50081 | Elf:3    | Identified the +9 chain mail "Voseosk" {rPois MR++ Dex+4} (You found it on level 3 of the Elven Halls)
 50211 | Elf:3    | XOM: harmless Air miscast
 50671 | D:15     | XOM: harmless Chrm miscast
 51010 | D:15     | XOM: colour smoke trail
 51224 | Vaults:5 | Entered Level 5 of the Vaults
 51276 | Vaults:5 | XOM: enchant monster (good)
 51281 | Vaults:5 | XOM: divination: detect items
 51285 | Vaults:5 | XOM: confuse monster(s)
 51287 | Vaults:5 | Noticed an ancient lich
 51293 | Vaults:5 | XOM: enchant monster (good)
 51320 | Vaults:5 | XOM: enchant monster (bad)
 51321 | Vaults:5 | Killed an ancient lich
 51327 | Vaults:5 | XOM: divination: detect creatures
 51328 | Vaults:5 | Reached XP level 24. HP: 96/228 MP: 30/30
 51335 | Vaults:5 | XOM: summons friendly ufetubus
 51348 | Vaults:5 | XOM: cast spell 'Warp Weapon'
 51359 | Vaults:5 | Reached skill level 15 in Dodging
 51361 | Vaults:5 | XOM: fog
 51374 | Vaults:5 | XOM: polymorph yaktaur -> jumping spider
 51406 | Vaults:5 | XOM: swap monsters
 51410 | Vaults:5 | XOM: cast spell 'Death Channel'
 51411 | Vaults:5 | XOM: confuse monster(s)
 51429 | Vaults:5 | XOM: swap monsters
 51441 | Vaults:5 | XOM: enchant monster (good)
 51476 | Vaults:5 | XOM: swap monsters
 51557 | Vaults:4 | XOM: scenery: 1 doors close
 51912 | Vaults:4 | XOM: harmless Pois miscast
 52079 | Vaults:4 | XOM: confuse monster(s)
 52171 | Vaults:5 | XOM: potion effect (heal wounds)
 52194 | Vaults:4 | XOM: confuse monster(s)
 52206 | Vaults:4 | XOM: enchant monster (good)
 52352 | Vaults:5 | XOM: summons friendly ufetubus
 52405 | Vaults:5 | XOM: give mutations
 52405 | Vaults:5 | Gained mutation: Your spells are harder to cast, but more powerful. [Xom's grace]
 52405 | Vaults:5 | Gained mutation: You are surrounded by a mild repulsion field (EV +2). [Xom's grace]
 52405 | Vaults:5 | Gained mutation: You have sharp toenails. [Xom's grace]
 52405 | Vaults:5 | Gained mutation: You have a pair of large horns on your head. [Xom's grace]
 52410 | Vaults:5 | XOM: fog
 52417 | Vaults:5 | XOM: summons 5 friendly demons
 52429 | Vaults:5 | XOM: swap monsters
 52439 | Vaults:5 | XOM: smoke on damage
 52448 | Vaults:5 | XOM: destruction
 52470 | Vaults:5 | XOM: fog
 52540 | Vaults:5 | XOM: divine lightning
 52551 | Vaults:5 | XOM: polymorph deep troll -> faun
 52725 | Vaults:4 | XOM: noise
 52769 | Vaults:4 | XOM: stat loss: -1 Dex (23/24)
 52778 | Vaults:4 | Upgraded the game from 0.17-a0-2127-g1cb09f6 to 0.17-a0-2147-gfb20a63
 52806 | Vaults:4 | XOM: summons 13 friendly demons
 52898 | Vaults:5 | Found Lisoll's General Store.
 52937 | Vaults:5 | XOM: summons 3 hostile demons
 52975 | Vaults:5 | XOM: polymorph frost giant -> sphinx
 53055 | Vaults:5 | XOM: polymorph yaktaur -> guardian serpent
 53123 | Vaults:5 | XOM: summons 4 friendly demons
 53214 | Vaults:5 | XOM: confuse monster(s)
 53260 | Vaults:5 | XOM: cast spell 'Death Channel'
 53263 | Vaults:5 | XOM: god gift: 6 meat rations
 53542 | Vaults:5 | XOM: god gift: chain mail {god gift}
 53553 | Vaults:5 | XOM: cast spell 'Summon Dragon'
 53755 | Vaults:5 | Got a heavily runed glass ring
 53758 | Vaults:5 | Got a silver rune of Zot
 53779 | Vaults:5 | Identified a scroll of acquirement
 53795 | Vaults:5 | XOM: mild Chrm miscast
 53829 | Vaults:5 | XOM: mild Trmt miscast
 53909 | Vaults:5 | Got a scorched crystal amulet
 53915 | Vaults:5 | XOM: colour smoke trail
 54026 | Vaults:5 | XOM: harmless Conj miscast
 54034 | Vaults:5 | XOM: polymorph shadow dragon -> iron dragon
 54107 | Vaults:5 | Identified the ring of Piungab {rElec rPois rC+ Str+6} (You found it on level 5 of the Vaults)
 54109 | Vaults:5 | Identified the amulet of Ashenzari's Generosity {rN++ Regen+ Dex+4} (You found it on level 5 of the Vaults)
 54176 | Vaults:5 | Reached XP level 25. HP: 238/238 MP: 30/30
 54613 | Lair:2   | XOM: silly message
 54694 | D:10     | XOM: give mutations
 54694 | D:10     | Lost mutation: You are covered in fur (AC +1). [Xom's mischief]
 54694 | D:10     | Lost mutation: You are occasionally teleported to nearby monsters. [Xom's mischief]
 55008 | Depths:1 | Entered Level 1 of the Depths
 55008 | Depths:1 | Found Busi's Bounteous Boutique.
 55012 | Depths:1 | XOM: harmless Fire miscast
 55013 | Depths:1 | Found a gateway to Hell.
 55067 | Depths:1 | Bought 3 scrolls of blinking for 427 gold pieces
 55109 | Depths:1 | XOM: polymorph boggart -> brain worm
 55111 | Depths:1 | XOM: confuse monster(s)
 55142 | Hell     | Entered the Vestibule of Hell
 55142 | Hell     | Noticed Geryon
 55145 | Hell     | XOM: enchant monster (good)
 55163 | Hell     | Geryon (ally) was killed
 55163 | Hell     | Your ally died
 55164 | Hell     | XOM: noise
 55226 | Hell     | XOM: enchant monster (bad)
 55228 | Hell     | XOM: divine lightning
 55238 | Hell     | XOM: summons 2 friendly demons
 55246 | Depths:1 | XOM: polymorph blizzard demon -> cacodemon
 55352 | Depths:1 | XOM: vitrification
 55369 | Depths:1 | XOM: potion effect (experience)
 55369 | Depths:1 | Reached XP level 26. HP: 236/250 MP: 30/30
 55609 | Depths:1 | XOM: divination: detect items
 55627 | Depths:1 | XOM: noise
 55636 | Depths:1 | XOM: harmless Summ miscast
 55845 | Depths:1 | XOM: divination: detect creatures
 55959 | Depths:1 | XOM: mild Tloc miscast
 56025 | Depths:1 | XOM: colour smoke trail
 56100 | Depths:2 | Found a gateway to a ziggurat.
 56147 | Hell     | Noticed Murray
 56149 | Hell     | XOM: summons friendly white imp
 56164 | Depths:1 | XOM: noise
 56192 | Depths:1 | XOM: enchant monster (good)
 56418 | Depths:2 | Reached skill level 24 in Fighting
 56500 | Depths:1 | XOM: confuse monster(s)
 56641 | Depths:2 | XOM: divination: magic mapping
 56644 | Depths:2 | XOM: confuse monster(s)
 56781 | Depths:2 | XOM: colour smoke trail
 56882 | Depths:2 | XOM: silly message
 56883 | Depths:2 | XOM: fog
 56888 | Depths:2 | XOM: confuse monster(s)
 57001 | Depths:2 | XOM: confusion (+ monsters)
 57640 | Depths:2 | XOM: mild Hex miscast
 57642 | Depths:2 | XOM: mild Tloc miscast
 57668 | Depths:2 | Found a runed door.
 57677 | Depths:2 | Found a runed door.
 57727 | Depths:2 | Reached skill level 25 in Fighting
 57775 | Depths:2 | Cast into the Abyss (a deep elf demonologist)
 57775 | Abyss:1  | XOM: noise
 57837 | Abyss:1  | XOM: silly message
 57850 | Depths:2 | Escaped the Abyss
 57864 | Depths:2 | Identified the Tome of Glacial Summoning
 57911 | Depths:2 | XOM: polymorph human -> elephant
 57920 | Depths:2 | XOM: silly message
 58078 | Depths:2 | Found a burning altar of Makhleb.
 58091 | Depths:2 | Identified Huqacsau's Almanac of Displaced Black Rites
 58272 | Depths:2 | XOM: mild Summ miscast
 58542 | Depths:2 | XOM: enchant monster (bad)
 58558 | Depths:3 | Found a corrupted altar of Lugonu.
 58558 | Depths:3 | Found a one-way gate to the infinite horrors of the Abyss.
 58706 | Depths:3 | XOM: noise
 58809 | Depths:3 | Noticed Jory
 58840 | Depths:3 | Killed Jory
 58911 | Depths:3 | XOM: mild Erth miscast
 59101 | Depths:3 | XOM: mild Hex miscast
 59274 | Depths:3 | XOM: silly message
 59276 | Depths:3 | Reached skill level 26 in Fighting
 59298 | Depths:3 | Found a runed door.
 59305 | Depths:3 | Found a runed door.
 59312 | Depths:3 | XOM: draining
 59316 | Depths:3 | XOM: confusion
 59318 | Depths:3 | XOM: confusion (+ monsters)
 59330 | Depths:3 | XOM: stat loss: -1 Str (29/30)
 59334 | Depths:3 | XOM: stat loss: -1 Str (28/30)
 59348 | Depths:3 | XOM: blink monster(s)
 59383 | Depths:3 | XOM: blink monster(s)
 59386 | Depths:3 | XOM: chaos upgrade
 59441 | Depths:3 | XOM: medium Erth miscast
 59544 | Depths:3 | Reached XP level 27. HP: 270/270 MP: 30/30
 59580 | Depths:3 | Paralysed by a wizard for 6 turns
 59584 | Depths:3 | XOM: medium Air miscast
 59870 | Depths:3 | XOM: cast spell 'Statue Form'
 60207 | Depths:4 | XOM: cast spell 'Metabolic Englaciation'
 60269 | Depths:4 | XOM: summons 3 friendly demons
 60294 | Depths:4 | Reached skill level 27 in Fighting
 60394 | Depths:4 | XOM: noise
 60514 | Depths:4 | XOM: potion effect (might)
 60668 | Depths:4 | XOM: harmless Hex miscast
 60677 | Depths:4 | XOM: potion effect (berserk rage)
 60678 | Depths:4 | XOM: silly message
 60709 | Depths:5 | Entered Level 5 of the Depths
 60724 | Depths:5 | XOM: god gift: giant spiked club {god gift}
 60731 | Depths:5 | XOM: enchant monster (good)
 60783 | Depths:5 | Paralysed by a great orb of eyes for 5 turns
 60790 | Depths:5 | XOM: silly message
 60817 | Depths:5 | Paralysed by something for 3 turns
 60870 | Depths:5 | XOM: summons 8 friendly demons
 60970 | Depths:5 | XOM: enchant monster (good)
 61119 | Depths:5 | Found a gate to the Realm of Zot.
 61193 | Depths:5 | Found an opulent altar of Gozag.
 61193 | Depths:5 | Found a sacrificial altar of Ru.
 61194 | Depths:5 | Found a shattered altar of Ashenzari.
 61213 | Depths:5 | XOM: 4-stop teleportation journey
 61223 | Depths:5 | XOM: potion effect (might)
 61267 | Depths:5 | XOM: fog
 61286 | Depths:5 | XOM: fog
 61346 | Depths:5 | XOM: summons friendly white imp
 61347 | Depths:5 | XOM: cast spell 'Call Canine Familiar'
 61378 | Depths:5 | XOM: cast spell 'Metabolic Englaciation'
 61384 | Depths:5 | XOM: enchant monster (good)
 61419 | Depths:5 | XOM: summons 8 friendly demons
 61458 | Depths:5 | XOM: destruction
 61582 | Depths:5 | XOM: harmless Divn miscast
 61586 | Depths:5 | XOM: harmless Summ miscast
 61685 | Depths:5 | Noticed a juggernaut
 61690 | Depths:5 | XOM: potion effect (berserk rage)
 61700 | Depths:5 | XOM: severe Ice miscast
 61701 | Depths:5 | XOM: mild Tloc miscast
 61715 | Depths:5 | Killed a juggernaut
 61760 | Depths:5 | XOM: summons 2 hostile shadow creatures
 61770 | Depths:5 | XOM: mild Tloc miscast
 61817 | Depths:5 | XOM: summons friendly quasit
 61823 | Depths:5 | XOM: enchant monster (bad)
 61905 | Depths:5 | XOM: summons friendly crimson imp
 62145 | Zot:1    | Entered Level 1 of the Realm of Zot
 62146 | Zot:1    | XOM: polymorph red draconian monk -> quicksilver dragon
 62151 | Zot:1    | XOM: chaos upgrade
 62155 | Zot:1    | XOM: fog
 62168 | Zot:1    | XOM: blink monster(s)
 62170 | Zot:1    | XOM: noise
 62176 | Zot:1    | XOM: confusion
 62177 | Zot:1    | XOM: enchant monster (bad)
 62249 | Zot:1    | XOM: blink monster(s)
 62292 | Zot:1    | XOM: colour smoke trail
 62302 | Zot:1    | XOM: noise
 62303 | Zot:1    | XOM: harmless Ice miscast
 62556 | Zot:1    | XOM: enchant monster (bad)
 62586 | Zot:1    | XOM: summons 4 friendly demons
 62924 | Zot:1    | XOM: mild Chrm miscast
 62925 | Zot:1    | XOM: chaos upgrade
 63040 | Zot:1    | XOM: potion effect (might)
 63079 | Zot:1    | XOM: divination: detect creatures
 63667 | Zot:1    | Reached skill level 27 in Armour
 63709 | Zot:1    | XOM: silly message
 63737 | Zot:1    | XOM: smoke on damage
 64151 | Zot:1    | XOM: swap monsters
 64154 | Zot:1    | XOM: fog
 64178 | Zot:1    | XOM: confuse monster(s)
 64285 | Zot:1    | XOM: vitrification
 64408 | Zot:2    | XOM: summons friendly white imp
 64545 | Zot:2    | XOM: divination: magic mapping
 64586 | Zot:1    | XOM: chaos upgrade
 64624 | Zot:2    | XOM: summons friendly iron imp
 64630 | Zot:2    | XOM: blink monster(s)
 64640 | Zot:1    | XOM: blink monster(s)
 64641 | Zot:1    | XOM: blink monster(s)
 64655 | Zot:1    | XOM: noise
 64658 | Zot:1    | XOM: polymorph yellow draconian monk -> stone giant
 64762 | Zot:2    | XOM: medium Chrm miscast
 64827 | Zot:2    | XOM: fog
 64918 | Zot:2    | XOM: swap monsters
 65046 | Zot:2    | XOM: enchant monster (good)
 65329 | Zot:2    | XOM: chaos upgrade
 65419 | Zot:2    | XOM: potion effect (might)
 65435 | Zot:2    | XOM: divination: magic mapping
 65543 | Zot:2    | XOM: harmless Necr miscast
 65632 | Zot:2    | XOM: divination: detect creatures
 65740 | Zot:2    | XOM: harmless Summ miscast
 65746 | Zot:2    | XOM: potion effect (invisibility)
 66084 | Zot:3    | XOM: harmless Chrm miscast
 66166 | Zot:3    | XOM: potion effect (invisibility)
 66320 | Zot:3    | XOM: harmless Necr miscast
 66440 | Zot:3    | XOM: cast spell 'Confusing Touch'
 66504 | Zot:3    | XOM: enchant monster (bad)
 66534 | Zot:3    | XOM: colour smoke trail
 66563 | Zot:2    | XOM: confusion
 66635 | Zot:2    | XOM: vitrification
 66708 | Zot:3    | XOM: silly message
 67074 | Zot:3    | XOM: mild Chrm miscast
 67131 | Zot:3    | XOM: enchant monster (good)
 67179 | Zot:3    | XOM: harmless Trmt miscast
 67281 | Zot:3    | XOM: cast spell 'Summon Swarm'
 67282 | Zot:3    | XOM: summons friendly iron imp
 67544 | Zot:3    | XOM: summons 2 friendly demons
 67550 | Zot:3    | XOM: enchant monster (good)
 67630 | Zot:3    | XOM: noise
 67730 | Zot:4    | XOM: confuse monster(s)
 68093 | Zot:4    | XOM: summons 11 hostile demons
 68255 | Zot:4    | XOM: noise
 68303 | Zot:4    | XOM: mild Ice miscast
 68305 | Zot:4    | XOM: cast spell 'Cause Fear'
 68582 | Zot:4    | Noticed an orb of fire
 68601 | Zot:4    | Killed an orb of fire
 68642 | Zot:4    | XOM: harmless Pois miscast
 68683 | Zot:4    | XOM: confuse monster(s)
 69018 | Zot:5    | Entered Level 5 of the Realm of Zot
 69055 | Zot:4    | XOM: noise
 69171 | Zot:5    | XOM: silly message
 69251 | Zot:5    | XOM: cast spell 'Dragon Form'
 69322 | Zot:5    | XOM: mild Pois miscast
 69335 | Zot:5    | XOM: silly message
 69435 | Zot:5    | XOM: summons friendly iron imp
 69456 | Zot:5    | XOM: 1-stop teleportation journey
 69457 | Zot:5    | Noticed an orb of fire
 69458 | Zot:5    | Noticed an orb of fire
 69459 | Zot:5    | Noticed an ancient lich
 69459 | Zot:5    | Noticed an ancient lich
 69460 | Zot:5    | Noticed an orb of fire
 69460 | Zot:5    | XOM: destruction
 69460 | Zot:5    | Gained mutation: You are dopey. (Int -2) [an orb of fire]
 69473 | Zot:5    | Noticed an orb of fire
 69473 | Zot:5    | Noticed an orb of fire
 69481 | Zot:5    | Noticed an orb of fire
 69482 | Zot:5    | Gained mutation: Potions and wands are less effective at restoring your health. [an orb of fire]
 69486 | Zot:5    | Noticed an ancient lich
 69487 | Zot:5    | Noticed an ancient lich
 69498 | Zot:5    | Killed an ancient lich
 69505 | Zot:5    | Killed an ancient lich
 69510 | Zot:5    | XOM: blink monster(s)
 69535 | Zot:5    | XOM: noise
 69537 | Zot:5    | XOM: swap monsters
 69538 | Zot:5    | XOM: confusion
 69553 | Zot:5    | XOM: confusion
 69558 | Zot:5    | XOM: confusion (+ monsters)
 69595 | Zot:5    | XOM: potion effect (haste)
 69742 | Zot:5    | XOM: summons 2 friendly demons
 69743 | Zot:5    | XOM: swap monsters
 69757 | Zot:5    | Gained mutation: You are very clumsy. (Dex -4) [an orb of fire]
 69759 | Zot:5    | Killed an orb of fire
 69762 | Zot:5    | XOM: cast spell 'Blink'
 69769 | Zot:5    | XOM: summons 4 friendly demons
 69775 | Zot:5    | Gained mutation: You are very dopey. (Int -4) [an orb of fire]
 69908 | Zot:4    | XOM: give mutations
 69908 | Zot:4    | Gained mutation: You are somewhat resistant to both further mutation and mutation removal. [Xom's grace]
 69908 | Zot:4    | Gained mutation: Your spells are much harder to cast, but much more powerful. [Xom's grace]
 70115 | Zot:4    | XOM: chaos upgrade
 70121 | Zot:4    | XOM: enchant monster (good)
 70170 | Zot:4    | XOM: confuse monster(s)
 70180 | Zot:4    | Killed an orb of fire
 70212 | Zot:5    | XOM: summons friendly crimson imp
 70216 | Zot:5    | Killed an ancient lich
 70289 | Zot:5    | XOM: silly message
 70391 | Zot:5    | Killed an orb of fire
 70469 | Zot:5    | XOM: blink monster(s)
 70476 | Zot:5    | XOM: polymorph Orb Guardian -> storm dragon
 70649 | Zot:5    | Noticed an orb of fire
 70649 | Zot:5    | Lost mutation: Potions and wands are less effective at restoring your health. [an orb of fire]
 70659 | Zot:5    | XOM: summons friendly ufetubus
 70664 | Zot:5    | XOM: confusion (+ monsters)
 70706 | Zot:5    | XOM: noise
 70717 | Zot:5    | XOM: give mutation
 70717 | Zot:5    | Lost mutation: You expend magic power (3 MP) to strengthen your wands. [Xom's mischief]
 70723 | Zot:5    | Killed an orb of fire
 70843 | Zot:4    | XOM: confusion (+ monsters)
 70848 | Zot:4    | XOM: blink monster(s)
 70923 | Zot:4    | XOM: blink monster(s)
 70925 | Zot:4    | XOM: mild Trmt miscast
 70931 | Zot:4    | XOM: silly message
 71048 | Zot:5    | XOM: cast spell 'Confusing Touch'
 71051 | Zot:5    | XOM: potion effect (brilliance)
 71065 | Zot:5    | Killed an orb of fire
 71149 | Zot:5    | XOM: medium Erth miscast
 71186 | Zot:4    | XOM: colour smoke trail
 71227 | Zot:4    | XOM: enchant monster (good)
 71235 | Zot:4    | XOM: smoke on damage
 71403 | Zot:5    | XOM: divination: detect creatures
 71413 | Zot:5    | Gained mutation: You expend magic power (3 MP) to strengthen your wands. [an orb of fire]
 71642 | Zot:5    | XOM: polymorph red draconian -> storm dragon
 71648 | Zot:5    | XOM: summons friendly shadow imp
 71716 | Zot:5    | Noticed an orb of fire
 71750 | Zot:5    | XOM: potion effect (might)
 71764 | Zot:5    | XOM: cast spell 'Ice Form'
 71768 | Zot:5    | XOM: confuse monster(s)
 71833 | Zot:5    | XOM: confuse monster(s)
 71869 | Zot:5    | XOM: confuse monster(s)
 71883 | Zot:5    | Killed an orb of fire
 71893 | Zot:5    | XOM: enchant monster (good)
 71899 | Zot:5    | XOM: destruction
 71909 | Zot:5    | Killed an orb of fire
 71911 | Zot:5    | XOM: confusion (+ monsters)
 71919 | Zot:5    | XOM: summons 7 friendly demons
 71923 | Zot:5    | XOM: confuse monster(s)
 71928 | Zot:5    | XOM: confusion (+ monsters)
 71997 | Zot:5    | XOM: polymorph Orb Guardian -> catoblepas
 72020 | Zot:5    | Noticed an orb of fire
 72024 | Zot:5    | XOM: cast spell 'Ring of Flames'
 72042 | Zot:5    | Killed an orb of fire
 72073 | Zot:5    | XOM: summons 3 friendly demons
 72078 | Zot:5    | XOM: mild Air miscast
 72088 | Zot:5    | XOM: potion effect (brilliance)
 72103 | Zot:5    | XOM: enchant monster (good)
 72141 | Zot:5    | Got the Orb of Zot
 72162 | Zot:5    | XOM: enchant monster (good)
 72184 | Zot:5    | XOM: noise
 72209 | Zot:5    | XOM: god gift: glowing hand axe {god gift}
 72225 | Zot:5    | XOM: give mutation
 72225 | Zot:5    | Lost mutation: You are very dopey. (Int -4) [Xom's grace]
 72245 | Zot:3    | XOM: god gift: thin cabochon amulet {god gift}
 72326 | Zot:3    | Noticed Siow the pandemonium lord
 72341 | Zot:3    | XOM: polymorph Siow -> Siow
 72343 | Zot:3    | XOM: god gift: smoking garnet amulet {god gift}
 72416 | Zot:1    | XOM: polymorph red devil -> sixfirhy
 72540 | Depths:5 | Noticed Sunnajob the pandemonium lord
 72542 | Depths:5 | XOM: god gift: curved smoking rod {god gift}
 72545 | Depths:5 | XOM: cast spell 'Ring of Flames'
 72551 | Depths:5 | XOM: swap monsters
 72556 | Depths:5 | XOM: confuse monster(s)
 72561 | Depths:5 | XOM: summons 2 friendly demons
 72569 | Depths:5 | XOM: blink monster(s)
 72642 | Depths:2 | XOM: noise
 73065 | D:1      | XOM: noise
 73074 | D:1      | XOM: mild Erth miscast
 73091 | D:1      | XOM: polymorph giant cockroach -> giant newt
 73094 | D:1      | XOM: cast spell 'Ring of Flames'
 73096 | D:1      | XOM: confuse monster(s)
 73101 | D:$      | Escaped with the Orb!

Vault maps used:
D:1:      sevenhm_arrival_forest_fort_large_2, minmay_misc_feat_rows,
          st_stairs_11, interstate_on_off
D:2:      lemuel_upstairs_altar, lemuel_crystal_altar, minitemple, first_bread
D:3:      yredelemnul_altar_generic, lemuel_coloured_pillars_altar,
          ecumenical_altar_1, nicolae_ru_awakened_eye, uniq_terence,
          uniq_jessica
D:4:      old_standard_altar, zin_academy, serial_shops, shop
D:5:      tso_metal_star, uniq_grinder
D:6:      overflow_temple_1_default, old_standard_altar, basic_altar,
          gup_sewer_entry_glass, st_stairs_10, kennysheep_generic_room_9
D:7:      temple_doors_d, serial_shops, shop
D:9:      old_standard_altar
D:10:     david_lair_generic, grunt_livestock
D:11:     serial_shops, nicolae_shop_trees
D:12:     minmay_orc_entry_guard_dogs, serial_shops, shop,
          kennysheep_generic_room_6, uniq_frances
D:13:     grunt_vaults_entry_tiered
D:14:     kennysheep_pointless_box, uniq_azrael, uniq_urug
D:15:     gammafunk_depths_entry_grave, minivault_27, serial_bayou_ford_a
Lair:1:   infiniplex_staircase_pool_2, uniq_prince_ribbit2
Lair:2:   serial_bayou_lake_a, uniq_gastronok
Lair:3:   guppyfry_snake_entry_island, minivault_25
Lair:4:   minmay_shoals_entry_beasts, st_stairs_6
Lair:5:   lab_entry_generic, uniq_josephine
Lair:6:   st_stairs_4, kennysheep_catoblepas_arena
Lair:7:   minivault_26, grunt_megastairs_2, uniq_maud, uniq_snorg, uniq_kirke
Lair:8:   due_jungle_book, nicolae_slime_entry_slimehenge,
          nicolae_volcano_entry_s_turn, special_room
Shoals:2: serial_shops, nicolae_shop_behind_doors, st_sunken_huts
Shoals:3: portal_ice_cave_entry_imps, nicolae_shoals_c_island
Shoals:4: shoals_end_hangedman, shoals_ilsuiw_alternative, abandoned_shop,
          uniq_mara, uniq_louise
Snake:1:  grunt_megastairs_4
Snake:2:  grunt_megastairs_3, serial_bayou_shore_a, uniq_vashnia, uniq_aizul
Snake:3:  basic_altar, serial_bayou_lagoon_a, nicolae_snake_serpentine_hallways,
          uniq_norris, uniq_roxanne
Snake:4:  snake_pit_salamanders_mu, basic_altar
Orc:1:    serial_shops, nicolae_shop_trees
Orc:2:    serial_shops, shop, nicolae_shop_stone, minmay_orc_keep
Orc:3:    nicolae_orc_pool_cavern, uniq_nessos, uniq_rupert
Orc:4:    pf_orc_diabolical, serial_shops, shop_fountains, bh_open_orc_temple
Elf:1:    serial_shops, shop, enter_trove_5, basic_altar,
          hangedman_elf_represent, roderic_lattice_octagonal_star
Elf:2:    serial_shops, nicolae_shop_statue_plus, uniq_donald
Elf:3:    minmay_elf_hall_quartered_circle
Vaults:1: hangedman_vaults_unwind, hangedman_vaults_restitches,
          hangedman_vaults_pinch, v_rooms_5,
          nicolae_vaults_windows_and_doors_thing, vaults_dpeg_doors,
          hangedman_vaults_stream, v_misc_22, v_misc_22,
          ontoclasm_vaults_ring_small, vaults_room_hallway,
          ontoclasm_vaults_ligature, nicolae_vaults_asterisk
Vaults:2: grunt_vaults_swirl, vaults_room_large_hall, hangedman_vaults_hat,
          vaults_standard_mumra_enter_the_diamond, hangedman_vaults_nodes,
          hangedman_vaults_slice, v_misc_28, v_alt_pattern_3,
          vaults_room_guarded_vault, nicolae_vaults_gold_heap,
          serial_hangedman_research, hangedman_research_geology,
          hangedman_research_metamorphosis, hangedman_research_convocations
Vaults:3: minmay_crypt_entry_simple_walls, st_greater_box_3,
          ontoclasm_vaults_bender, vaults_mumra_hex, v_misc_18, v_misc_30,
          grunt_vaults_funnel, grunt_vaults_hallway_long, vaults_room_door_hall,
          v_misc_10, uniq_boris
Vaults:4: v_misc_28, ontoclasm_vaults_spin, hangedman_vaults_nails, v_misc_25,
          vaults_dpeg_diagonal, nicolae_vaults_little_squares_2,
          nicolae_vaults_what_the_h, uniq_jorgrun
Depths:1: pf_hell_entry_tar_river, hangedman_decor_opposing,
          nicolae_benzene_ring, nicolae_alphabet_shops, grunt_megastairs_1
Depths:2: evilmike_makhleb_hellhole, enter_ziggurat_a, hell_entry,
          minmay_crystal_room, rand_demon_pan_entry_4, minmay_staircase_statues
Depths:3: thingy_vault_2, grunt_pan_entry_sceptre, hell_entry,
          abyss_entry_flame_altar, uniq_jory
Depths:4: kennysheep_big_flooded_room, hangedman_abyss_entry_splay, hell_entry,
          moated_statue, serial_glass, glass_columns_b, glass_columns_a,
          minmay_misc_feat_columns, hangedman_aviary,
          infiniplex_staircase_9_rooms
Depths:5: hangedman_slaughterboxes, hell_entry
Zot:2:    kennysheep_six_static_rooms, grunt_ministairs_8
Zot:3:    lemuel_acid_trip
Zot:5:    st_stairs_10
Lab:      nicolae_lab_dead_adventurers, nicolae_lab_swirl, nicolae_lab_plus,
          nicolae_lab_t_cross, labyrinth_skeletal_remains
Sewer:    sewer_minmay_treatment
Volcano:  volcano_grotto

Action                   |  1- 3 |  4- 6 |  7- 9 | 10-12 | 13-15 | 16-18 | 19-21 | 22-24 | 25-27 || total
-------------------------+-------+-------+-------+-------+-------+-------+-------+-------+-------++-------
Melee: Hand axe          |    84 |   142 |   363 |       |       |       |       |       |       ||   589
       Battleaxe         |       |       |    27 |   698 |  1382 |  1049 |   829 |       |       ||  3985
       Unarmed           |       |       |       |       |     7 |     6 |       |       |    10 ||    23
       Executioner's axe |       |       |       |       |       |       |   402 |       |       ||   402
       Demon whip        |       |       |       |       |       |       |   853 |  1693 |  3521 ||  6067
 Abil: Evoke Teleportati |       |       |       |       |       |     3 |     5 |     4 |       ||    12
Evoke: Wand              |       |       |       |       |       |       |     2 |       |     2 ||     4
  Use: Scroll            |     5 |     5 |     1 |     6 |     7 |    11 |    13 |    11 |    19 ||    78
       Potion            |     5 |     4 |     6 |     7 |     8 |    13 |    19 |    11 |    16 ||    89
 Stab: Paralysed         |     2 |     3 |     5 |     9 |     1 |       |       |     8 |       ||    28
       Confused          |       |     1 |     3 |     1 |     4 |     2 |     6 |    13 |    20 ||    50
       Sleeping          |       |     1 |       |       |       |       |       |     1 |       ||     2
       Petrified         |       |       |     3 |     1 |       |       |     4 |       |     4 ||    12
       Distracted        |       |       |     1 |     1 |     3 |     1 |     4 |     5 |     4 ||    19
       Petrifying        |       |       |       |       |     3 |     1 |     1 |       |     2 ||     7
       Invisible         |       |       |       |       |    23 |       |       |       |     7 ||    30
  Eat: Bread ration      |     1 |       |     1 |       |       |       |     1 |     6 |     7 ||    16
       Chunk             |       |     4 |       |     6 |     9 |     2 |     3 |       |     7 ||    31
       Beef jerky        |       |       |     2 |       |       |     2 |       |       |     4 ||     8
       Meat ration       |       |       |     3 |     2 |     5 |     5 |    10 |     2 |     8 ||    35
       Pizza             |       |       |       |     9 |       |       |     1 |     1 |     3 ||    14
       Royal jelly       |       |       |       |       |     3 |       |       |       |     2 ||     5
       Fruit             |       |       |       |       |     5 |       |     2 |       |    10 ||    17
